 Dungeon Crawl Stone Soup version 0.31.0-11-ge490571c62 (webtiles) character file.

Game seed: 6701465727051175077

1358 Aviak the Fighter (level 8, 0/71 HPs)
             Began as a Formicid Alchemist on Feb 3, 2024.
             Was a Follower of Makhleb.
             Slain by a vampire mosquito (6 damage)
             ... on level 6 of the Dungeon.
             The game lasted 00:10:30 (6244 turns).

Aviak the Fighter (Formicid Alchemist)              Turns: 6244, Time: 00:10:31

Health: 0/71       AC:  7    Str: 16    XL:     8   Next: 95%
Magic:  12/12      EV: 11    Int: 20    God:    Makhleb [*.....]
Gold:   166        SH:  0    Dex: 14    Spells: 6/13 levels left

rFire   + . .        b - +2 flail (heavy)
rCold   . . .        (no shield)
rNeg    . . .        t - +0 ring mail
rPois   .            (helmet unavailable)
rElec   .            n - +0 cloak of the Rose {Slay+2 Stlth+}
rCorr   .            (no gloves)
SInv    +            p - +0 pair of boots
Will    .....        (no amulet)
Stlth   ++           m - +6 ring of intelligence
HPRegen 0.31/turn    F - ring of protection from fire
MPRegen 0.13/turn

%: no passive effects
@: mighty
A: permanent stasis, dig shafts and tunnels, antennae 3, four strong arms
a: Dig, Shaft Self, Renounce Religion


You were on level 6 of the Dungeon.
You worshipped Makhleb.
Makhleb was aware of your devotion.
You visited 2 branches of the dungeon, and saw 7 of its levels.
You also visited: Ossuary.

You collected 166 gold pieces.

Inventory:

Hand Weapons
 b - a +2 heavy flail (weapon)
 c - a +0 dagger
Armour
 a - a +0 robe
 n - the +0 cloak of the Rose (worn) {Slay+2 Stlth+}
   (You found it on level 3 of the Dungeon)

   Slay+2:    It affects your accuracy & damage with ranged weapons and melee
   (+2).
   Stlth+:    It makes you more stealthy.
 p - a +0 pair of boots (worn)
 t - a +0 ring mail (worn)
Jewellery
 m - a +6 ring of intelligence (left hand)
 F - a ring of protection from fire (right hand)
Wands
 j - a wand of mindburst (9)
 s - a wand of charming (8)
Scrolls
 d - 3 scrolls of immolation {unknown}
 e - a scroll of revelation {unknown}
 g - a scroll of enchant armour {unknown}
 h - 2 scrolls of poison {unknown}
 k - 3 scrolls of teleportation {unknown}
 o - a scroll of vulnerability {unknown}
 q - 4 scrolls of fog {unknown}
 u - 2 scrolls of amnesia {unknown}
 v - 10 scrolls of identify {unknown}
 x - a scroll of brand weapon {unknown}
 y - a scroll of summoning {unknown}
Potions
 f - a potion of degeneration {unknown}
 i - a potion of ambrosia {unknown}
 l - 2 potions of cancellation
 r - 2 potions of might
 w - 2 potions of haste {unknown}
 z - 2 potions of mutation {unknown}
 A - 2 potions of curing {unknown}
 B - a potion of brilliance {unknown}


   Skills:
 + Level 9.5 Fighting
 - Level 1.0 Short Blades
 - Level 3.0 Maces & Flails
 - Level 2.0 Dodging
 - Level 2.4 Stealth
 - Level 3.0 Spellcasting
 - Level 1.0 Conjurations
 - Level 6.0 Alchemy


You had 6 spell levels left.
You knew the following spells:

 Your Spells              Type           Power      Damage    Failure   Level
a - Sting                 Conj/Alch      68%        1d7       6%          1
b - Mercury Vapours       Alch/Air       30%        N/A       12%         2
c - Olgreb's Toxic Radia  Alch           27%        N/A       22%         4

Your spell library contained the following spells:

 Spells                   Type           Power      Damage    Failure   Level
 Mephitic Cloud           Conj/Alch/Air  12%        N/A       32%         3
 Ensorcelled Hibernation  Hex/Ice        6%         N/A       38%         2
 Lesser Beckoning         Tloc           6%         N/A       38%         2
 Sticky Flame             Fire/Alch      15%        2d5       61%         4
 Call Canine Familiar     Summ           3%         N/A       63%         3
 Gell's Gravitas          Tloc           3%         N/A       63%         3
 Passwall                 Erth           3%         N/A       63%         3
 Sigil of Binding         Hex            3%         N/A       63%         3
 Summon Ice Beast         Ice/Summ       3%         N/A       63%         3
 Teleport Other           Tloc           3%         N/A       63%         3
 Tukima's Dance           Hex            3%         N/A       63%         3
 Yara's Violent Unravell  Hex/Alch       7%         3d5       91%         5
 Dimensional Bullseye     Hex/Tloc       1%         N/A       95%         4
 Passage of Golubria      Tloc           3%         N/A       95%         4
 Summon Mana Viper        Hex/Summ       3%         N/A       100%        5
 Monstrous Menagerie      Summ           1%         N/A       100%        7
 Swiftness                Air            Unusable   N/A       N/A         3

Dungeon Overview and Level Annotations

Branches:
Dungeon (6/15)             Temple (1/1) D:5         Ossuary (visited)

Altars:
Ashenzari
Cheibriados
Dithmenos
Elyvilon
Fedhas
Gozag
Makhleb
Nemelex Xobeh
Okawaru
Ru
Sif Muna
Vehumet
Xom
Yredelemnul
Zin
The Shining One

Shops:
D:2 [

Annotations:
D:5 3 runed translucent doors, TobyConnect's ghost, amateur MiFi


Innate Abilities, Weirdness & Mutations

You cannot be hasted, slowed, berserked, paralysed or teleported.
You can dig through walls and to a lower floor.
You have a pair of large antennae on your head. (SInv)
Your four strong arms can wield two-handed weapons with a shield.


Message History

Attack!
The centaur wields a +0 shortbow.
The centaur shoots an arrow.
The arrow barely misses your vampire mosquito.
The arrow hits you.
* * * LOW HITPOINT WARNING * * *
Your vampire mosquito bites the centaur!
Your vampire mosquito draws strength from the centaur's injuries!
Your vampire mosquito bites the centaur!
Your vampire mosquito draws strength from the centaur's injuries!
The centaur unwields a +0 shortbow.
The centaur completely misses your vampire mosquito.
The centaur closely misses your vampire mosquito.
Your vampire mosquito bites the centaur!
The centaur dies!
Makhleb accepts your kill.
It was a potion of cancellation.
You feel magically purged.
l - 2 potions of cancellation;
e - a scroll labelled HELEDI KIAVVIA It was a potion of might.
You feel very mighty all of a sudden.
You hit your vampire mosquito.
The vampire mosquito is no longer charmed.
The vampire mosquito is lightly damaged.
The vampire mosquito bites you but does no damage.
The vampire mosquito misses you. The vampire mosquito bites you.
* * * LOW HITPOINT WARNING * * *
The vampire mosquito draws strength from your injuries!
You sock the vampire mosquito!
The vampire mosquito is severely damaged.
The vampire mosquito bites you but does no damage.
The vampire mosquito closely misses you.
The vampire mosquito bites you but does no damage.
The vampire mosquito bites you.
* * * LOW HITPOINT WARNING * * *
The vampire mosquito draws strength from your injuries!
You miss the vampire mosquito.
The vampire mosquito is heavily damaged.
The vampire mosquito bites you!
* * * LOW HITPOINT WARNING * * *
The vampire mosquito draws strength from your injuries!
The vampire mosquito bites you.
You die...

..., #'#
#.# #†#
#.####.#
#.....)#
######.#
#.# #y#
#.######@#
#.#...#..#
#.#.#.#.##
#.#.#.#.#
#.#.#...#
#.#.#..####
#<..#.....#
#.###.###.#
#.......†.#


You could see a vampire mosquito.

Vanquished Creatures
  A vampire mosquito (D:6)
  An ice beast (D:5)
  A black bear (D:5)
  An ogre (D:5)
  A scorpion (D:5)
  2 hounds
  A jelly (D:5)
  Jessica (D:2)
  11 mummies (Ossuary)
  Ijyb (D:4)
  2 iguanas
  An orc wizard (D:5)
  3 killer bee zombies (Ossuary)
  A crocodile zombie (Ossuary)
  A hound zombie (Ossuary)
  6 adders
  2 white imps
  2 ufetubi (D:5)
  4 dart slugs
  13 orcs
  9 bats
  9 endoplasms
  6 giant cockroaches
  10 goblins
  9 hobgoblins
  9 kobolds
  4 quokkas
  5 ball pythons
  2 ball python zombies (Ossuary)
  5 frilled lizards
  A goblin skeleton (D:3)
  A hobgoblin zombie (D:3)
  4 kobold zombies (D:3)
  3 orc skeletons (D:3)
  2 orc zombies (D:3)
  5 rats
140 creatures vanquished.

Vanquished Creatures (collateral kills)
  A centaur (D:6)
1 creature vanquished.

Vanquished Creatures (others)
  A vampire mosquito (D:6)
1 creature vanquished.

Grand Total: 142 creatures vanquished

Notes
Turn   | Place    | Note
-------+----------+-------------------------------------------
     0 | D:1      | Aviak the Formicid Alchemist began the quest for the Orb.
     0 | D:1      | Reached XP level 1. HP: 13/13 MP: 3/3
    59 | D:1      | Reached skill level 1 in Conjurations
   126 | D:1      | Reached XP level 2. HP: 12/19 MP: 0/5
   557 | D:1      | Reached XP level 3. HP: 21/24 MP: 2/7
  1083 | D:1      | Reached skill level 5 in Alchemy
  1275 | D:1      | Found a faded altar of an unknown god.
  1428 | D:2      | Reached XP level 4. HP: 30/30 MP: 6/8
  1715 | D:2      | Found Xurgh's Armour Emporium.
  1832 | D:2      | Found a glowing golden altar of the Shining One.
  1950 | D:2      | Noticed Jessica
  1956 | D:2      | Killed Jessica
  1957 | D:2      | Reached XP level 5. HP: 30/36 MP: 3/9
  2102 | D:2      | Reached skill level 1 in Fighting
  2320 | D:3      | Found an iron altar of Okawaru.
  2326 | D:3      | Reached skill level 1 in Short Blades
  2506 | D:3      | Learned a level 2 spell: Mercury Vapours
  2737 | D:3      | Found a glowing golden altar of the Shining One.
  2826 | D:3      | Reached skill level 2 in Fighting
  2826 | D:3      | Reached skill level 1 in Maces & Flails
  2833 | D:3      | Learned a level 4 spell: Olgreb's Toxic Radiance
  3005 | D:3      | Identified the +0 cloak of the Rose {Slay+2 Stlth+}
  3199 | D:3      | HP: 1/38 [iguana (1)]
  3581 | D:4      | Reached XP level 6. HP: 46/46 MP: 5/10
  3933 | D:4      | Noticed Ijyb
  3939 | D:4      | Killed Ijyb
  3940 | D:4      | Reached skill level 3 in Fighting
  4203 | D:5      | Entered Level 5 of the Dungeon
  4203 | D:5      | Noticed an ogre
  4208 | D:5      | Killed an ogre
  4420 | D:5      | Reached skill level 4 in Fighting
  4420 | D:5      | Reached XP level 7. HP: 54/54 MP: 7/11
  4422 | D:5      | Found a runed translucent gate.
  4424 | D:5      | Found a runed translucent gate.
  4424 | D:5      | Found a runed translucent gate.
  4428 | D:5      | Noticed TobyConnect's ghost (amateur MiFi)
  4475 | D:5      | Found a staircase to the Ecumenical Temple.
  4484 | D:5      | Reached skill level 5 in Fighting
  4530 | Temple   | Entered the Ecumenical Temple
  4543 | Temple   | Became a worshipper of Makhleb the Destroyer
  4603 | D:5      | Found a sand-covered staircase.
  4703 | Ossuary  | Entered an ossuary
  4732 | Ossuary  | Reached skill level 6 in Fighting
  4786 | Ossuary  | Reached XP level 8. HP: 48/65 MP: 12/12
  4968 | Ossuary  | Reached skill level 7 in Fighting
  5401 | D:5      | Reached skill level 8 in Fighting
  5626 | D:5      | Reached * piety under Makhleb
  6226 | D:6      | Reached skill level 9 in Fighting
  6244 | D:6      | Slain by a vampire mosquito

Illustrated notes

Levels and vault maps discovered:
D:1:      evilmike_arrival_plus, layout_basic,
          dilly_ecumenical_altar_fadedgnrine
D:2:      layout_loops_cross, serial_shops, shop, basic_altar, uniq_jessica
D:3:      layout_loops_cross, okawaru_ov_weapons_minmay,
          nicolae_tso_besieged_by_evil, st_stairs_12,
          minmay_fractal_squares_gapless_5
D:4:      layout_cave_pools, hangedman_decor_opposing, uniq_ijyb
D:5:      corexii_shack_village, layout_basic, minmay_temple_entry_wispy,
          chequers_ossuary_entry_cave, ebering_ghost_rock_garden
D:6:      minmay_klotski, layout_basic, nicolae_overflow_crystal_walls,
          nicolae_wu_jian_wuxing_cycle, nicolae_uskayaw_dance_studio,
          roderic_batcave, nrook_campfire
Temple:   zaba_magenta_temple

Skill      XL: |  1  2  3  4  5  6  7  8 |
---------------+-------------------------+-----
Conjurations   | 1 |  1.0
Dodging        | 2 |  2.0
Spellcasting   | 3 |  3.0
Alchemy        | 5 6 |  6.0
Fighting       | 2 4 6 9 |  9.5
Short Blades   | 1 |  1.0
Maces & Flails | 1 3 |  3.0
Stealth        | |  2.4

Action                     |  1- 3 |  4- 6 |  7- 9 || total
---------------------------+-------+-------+-------++-------
  Melee: Dagger            |    40 |    15 |       ||    55
         Flail             |       |    54 |   118 ||   172
         Punch             |       |     2 |     1 ||     3
   Cast: Sting             |    69 |    80 |       ||   149
         Mercury Vapours   |       |     4 |     3 ||     7
Ability: Dig               |       |       |     3 ||     3
  Evoke: Wand              |       |       |     4 ||     4
    Use: Potion            |       |     2 |     3 ||     5
   Stab: Sleeping          |       |     6 |     3 ||     9
 Armour: Robe              |    25 |    50 |       ||    75
         Skin              |       |     3 |    11 ||    14
         Ring mail         |       |    13 |   135 ||   148
  Dodge: Dodged            |    51 |    64 |   137 ||   252
